[ PARTIDA AOE2 · #493711344 ]
UnrankedMalíes vs Burgundians
Equipo del jugador · DERR
Equipo rival · VICT
[ ANÁLISIS DE REPETICIÓN · EXTRAÍDO DE LA PARTIDA GRABADA ]
Feudal
—
Castillos
—
Imperial
—
| APM promedio | 44.2 |
| APM pico | 67 |
| eAPM promedio | 12.9 |
| Aldeanos / militares | 8 / 0 |
Foco
⚔️ 51.7% · 🌾 48.3%
Fishing Ship ×2
Feudal
—
Castillos
—
Imperial
—
| APM promedio | 58.0 |
| APM pico | 106 |
| eAPM promedio | 22.7 |
| Aldeanos / militares | 13 / 0 |
Foco
⚔️ 3.8% · 🌾 96.2%
Mapa de la partida
Recursos iniciales + cada clic de construcción. Líneas = muros · curvas = relieve. ◆ oro · ⬟ piedra · ● bayas · ✦ reliquia · ◌ hueco del cierre
Tu base
Base de bebebacteria
Terreno inicial suavizado · ◌ = hueco del cierre detectado · pasá el cursor para detalles
Inputs por minuto
— HeN_BenP - - bebebacteria
Build order — HeN_BenP
15 acciones detectadas en el replay
| 0:24 | Construir | Town Center |
| 0:59 | Construir | Dock |
| 1:30 | Construir | House |
| 2:27 | Construir | House |
| 2:43 | Crear | Villager (Male) |
| 2:44 | Crear | Villager (Male) |
| 2:44 | Crear | Villager (Male) |
| 2:45 | Crear | Villager (Male) |
| 3:34 | Crear | Fishing Ship |
| 4:23 | Crear | Villager (Male) |
| 4:45 | Construir | House |
| 4:46 | Crear | Villager (Male) |
| 5:16 | Crear | Villager (Male) |
| 5:25 | Crear | Fishing Ship |
| 5:29 | Crear | Villager (Male) |
Build order — bebebacteria
20 acciones detectadas en el replay
| 0:17 | Construir | Dock |
| 0:50 | Construir | Town Center |
| 1:22 | Construir | House |
| 3:08 | Crear | Villager (Male) |
| 3:08 | Crear | Villager (Male) |
| 3:09 | Crear | Villager (Male) |
| 3:09 | Crear | Villager (Male) |
| 3:09 | Crear | Villager (Male) |
| 3:09 | Crear | Villager (Male) |
| 4:00 | Crear | Villager (Male) |
| 4:00 | Crear | Villager (Male) |
| 4:28 | Crear | Villager (Male) |
| 4:29 | Crear | Villager (Male) |
| 4:35 | Construir | House |
| 4:56 | Investigar | Loom |
| 5:17 | Construir | Palisade Wall |
| 5:23 | Crear | Villager (Male) |
| 5:23 | Crear | Villager (Male) |
| 5:24 | Crear | Villager (Male) |
| 5:32 | Construir | Palisade Wall |
Cronología de la partida
| 0:17 | bebebacteria · first_building Dock |
| 0:59 | HeN_BenP · first_building Dock |
| 5:17 | bebebacteria · wall_segment Palisade Wall x1 |
| 5:32 | bebebacteria · wall_segment Palisade Wall x1 |
| 5:43 | HeN_BenP · resign |
[ ANÁLISIS IA · 1 CRÉDITO ]
¿Qué pasó realmente en esta partida?
Wolo.gg analiza cada decisión: build order, eco, micro, errores típicos por bracket. Análisis personalizado por WhatsApp o Discord en 30 segundos.
Guía civ
Malíes
Perfil
HeN_BenP